 Dungeon Crawl Stone Soup version 0.31-a0-431-g88bdf31460 (webtiles) character file.

Game seed: 18336981055349677006

193 mopl the Ruffian (level 5, -2/34 HPs)
             Began as an Octopode Shapeshifter on July 31, 2023.
             Was an Initiate of the Shining One.
             Slain by a gnoll
             ... wielding a +0 club
             ... led by a gnoll bouda
              (9 damage)
             ... on level 3 of the Dungeon.
             The game lasted 00:02:00 (2115 turns).

mopl the Ruffian (Octopode Shapeshifter)            Turns: 2115, Time: 00:02:01

Health: -2/34      AC:  1    Str: 15    XL:     5   Next: 72%
Magic:  5/5        EV: 13    Int: 10    God:    the Shining One [......]
Gold:   137        SH:  0    Dex: 14    Spells: 4/4 levels left

rFire   . .          .
                       - Unarmed
rCold   . . .        (no shield)
rNeg    + . .        (helmet currently unavailable)
rPois   .            (no amulet)
rElec   .            g - ring of positive energy
rCorr   +            l - ring of wizardry
SInv    .            o - ring of resist corrosion
Will    .....        (no ring)
Stlth   +            (no ring)
HPRegen 0.25/turn    (no ring)
MPRegen 0.09/turn    (no ring)
                     (no ring)

%: wizardry (x1)
@: beast-form, weakened, glowing
A: beast (slay +2), almost no armour, amphibious, 8 rings, camouflage 1,
gelatinous body 1, (nimble swimmer 1), tentacles
a: Begin Untransformation, Renounce Religion


You were on level 3 of the Dungeon.
You worshipped the Shining One.
The Shining One was noncommittal.
You were a hulking beast.
You visited 1 branch of the dungeon, and saw 4 of its levels.

You collected 137 gold pieces.

Inventory:

Missiles
 j - 3 boomerangs
 r - 3 javelins
Jewellery
 g - a ring of positive energy (left tentacle)
 l - a ring of wizardry (right tentacle)
 o - a ring of resist corrosion (on tentacle)
Talismans
 b - a beast talisman (active)
Scrolls
 d - 5 scrolls of identify {unknown}
 i - a scroll of immolation {unknown}
 n - a scroll of fear {unknown}
 p - a scroll of brand weapon {unknown}
 q - a scroll of fog {unknown}
 s - a scroll of enchant weapon {unknown}
Potions
 a - a potion of lignification {!q}
 c - a potion of ambrosia {unknown}
 e - 2 potions of attraction {unknown}
 f - 3 potions of heal wounds {unknown}
 h - 2 potions of degeneration {unknown}
 k - 2 potions of enlightenment {unknown}
 m - a potion of curing {unknown}


   Skills:
 + Level 2.2 Fighting
 + Level 2.7 Dodging
 * Level 4.3 Unarmed Combat
 * Level 4.0 Shapeshifting


You had 4 spell levels left.
You didn't know any spells.
Your spell library contained the following spells:

 Spells                   Type           Power      Damage    Failure   Level
 Hailstorm                Conj/Ice       0%         3d3       41%         3
 Summon Ice Beast         Ice/Summ       0%         N/A       80%         4
 Simulacrum               Ice/Necr       0%         N/A       100%        6


Dungeon Overview and Level Annotations

Branches:
Dungeon (4/15)
 Temple: D:4-7

Altars:
Wu Jian
The Shining One


Innate Abilities, Weirdness & Mutations

You are a hulking beast.
Your limbs bulge with bestial killing power. (Slay +2)
You cannot wear most types of armour.
You are amphibious.
You can wear up to eight rings at the same time.
Your skin changes colour to match your surroundings (Stealth+).
Your rubbery body absorbs attacks. (AC +1, EV +1)
((You are camouflaged when in or above water. (Stealth+)))
You have tentacles for arms and can constrict up to eight enemies at once.


Message History

No target in view!
No target in view!
No target in view!
No target in view!
No target in view!
No target in view!
No target in view!
You see here a bat corpse.
Found a stone staircase leading up.
There is a stone staircase leading up here.
Found two leather armours.
No target in view!
Found a stone staircase leading down.
There is a stone staircase leading down here.
Done exploring.
Done exploring.
(D) Dungeon
Where to? (Enter - D:3, ? - help)
What level of the Dungeon? (default 1, ? - help)
There is a stone staircase leading down here.
You climb downwards.
The gnoll bouda shouts!
The gnoll shouts! x3
Found a leather armour.
There is a stone staircase leading up here.
There are monsters nearby!
The gnoll hits you from afar with a +0 spear.
The gnoll bouda gazes fiercely through you!
You feel your attacks grow feeble.
The gnoll bouda hits you with a +0 whip!
The gnoll hits you with a +0 club.
The gnoll hits you from afar with a +0 spear.
* * * LOW HITPOINT WARNING * * *
You climb upwards.
There is a stone staircase leading down here.
You closely miss the gnoll bouda. Your grab misses the gnoll bouda.
You tentacle-slap the gnoll bouda but do no damage.
You grab the gnoll bouda. You squeeze the gnoll bouda.
The gnoll bouda is lightly wounded.
You constrict the gnoll bouda. The gnoll hits you with a +0 club!
You die...

#..... #.....
#############.....
#...........#.....
#.#########.#..... #.#
#.#..... #.# #.#..... #g#
#.#..... #h# #.#....÷
#g#### #.#####[ #....#
#.# #. ####.# ##.#####.
###########.#####........
#..................÷.....
#.#########...###.....#..
#.# #...# #.....#.. #.#
#######...# #.....#..


You could see a gnoll bouda and a gnoll.

Vanquished Creatures
  An ogre (D:3)
  5 adders
  A dart slug (D:2)
  5 bats
  5 endoplasms
  A giant cockroach (D:2)
  9 hobgoblins
  4 jackals (D:2)
  7 kobolds
  2 quokkas (D:1)
  10 ball pythons
  2 frilled lizards
  A goblin (D:1)
  4 rats
57 creatures vanquished.

Notes
Turn   | Place    | Note
-------+----------+-------------------------------------------
     0 | D:1      | mopl the Octopode Shapeshifter began the quest for the Orb.
     0 | D:1      | Reached XP level 1. HP: 13/13 MP: 1/1
    61 | D:1      | Reached XP level 2. HP: 17/18 MP: 2/2
   423 | D:1      | Reached XP level 3. HP: 23/23 MP: 3/3
   548 | D:2      | Found a faded altar of an unknown god.
   737 | D:2      | Reached XP level 4. HP: 28/28 MP: 4/4
  1556 | D:3      | Found a glowing golden altar of the Shining One.
  1556 | D:3      | Found an ornate altar of the Wu Jian Council.
  1575 | D:3      | Became a worshipper of the Shining One
  1716 | D:3      | Noticed an ogre
  1722 | D:3      | Killed an ogre
  1723 | D:3      | Reached skill level 2 in Fighting
  1723 | D:3      | Reached skill level 4 in Unarmed Combat
  1723 | D:3      | Reached XP level 5. HP: 34/34 MP: 5/5
  1755 | D:3      | Reached skill level 4 in Shapeshifting
  2115 | D:3      | Slain by a gnoll

Illustrated notes

Levels and vault maps discovered:
D:1:      matt_arrival_grand_opening, layout_rooms, minmay_tromino_v4_a
D:2:      layout_basic, nicolae_ecumenical_snake_handling
D:3:      layout_loops_ring, chequers_temple_overflow_statue_of_worship,
          serial_bayou_lagoon_a
D:4:      layout_basic, st_stairs_11, kennysheep_generic_room_3

Skill      XL: |  1  2  3  4  5 |
---------------+----------------+-----
Fighting       | 2 |  2.2
Unarmed Combat | 4 |  4.3
Shapeshifting  | 4 |  4.0
Dodging        | |  2.7

Action                     |  1- 3 |  4- 6 || total
---------------------------+-------+-------++-------
  Melee: Unarmed           |    50 |    47 ||    97
         Constrict         |    15 |    15 ||    30
         Tentacles         |     9 |    10 ||    19
         Punch             |     3 |     3 ||     6
   Stab: Sleeping          |     5 |     3 ||     8
 Armour: Skin              |     5 |     2 ||     7
  Dodge: Dodged            |    30 |    25 ||    55

Table legend: (Time is in decaauts)
 A = Elapsed time spent in this place.
 B = Non-inter-level travel time spent in this place.
 C = Inter-level travel time spent in this place.
 D = Time resting spent in this place.
 E = Time spent auto-exploring this place.
 F = Levels seen in this place.
 G = Mean time per level.
                   A        B        C        D        E       F      G
               +--------+--------+--------+--------+--------+-----+--------+
         Total |   2107 |   2012 |     95 |     68 |   1646 |   4 |  526.8 |
       Dungeon |   2107 |   2012 |     95 |     68 |   1646 |   4 |  526.8 |
               +--------+--------+--------+--------+--------+-----+--------+

Top non-repeatable levels by time:
     D:2: 997 daAuts
     D:3: 613 daAuts
     D:1: 494 daAuts
     D:4: 1 daAuts
